 Dungeon Crawl Stone Soup version 0.21.1-1-g345015fe64 (webtiles) character file.

42 OlSheep the Stinger (level 3, -5/19 HPs)
             Began as a Deep Elf Venom Mage on July 11, 2018.
             Killed from afar by Ijyb (24 damage)
             ... with a wand of acid (3)
             ... on level 2 of the Dungeon.
             The game lasted 00:06:22 (1375 turns).

OlSheep the Stinger (Deep Elf Venom Mage)           Turns: 1375, Time: 00:06:22

Health: -5/19      AC:  2    Str:  5    XL:     3   Next: 35%
Magic:  2/10       EV: 13    Int: 20    God:
Gold:   23         SH:  0    Dex: 15    Spells: 3/9 levels left

rFire    . . .     SeeInvis .   e - +0 dagger (curse)
rCold    . . .     Gourm    .   (no shield)
rNeg     . . .     Faith    .   a - +0 robe
rPois    .         Spirit   .   (no helmet)
rElec    .         Reflect  .   (no cloak)
rCorr    .         Harm     .   (no gloves)
MR       .....                  (no boots)
Stlth    ++........             (no amulet)
HPRegen  0.06/turn              (no ring)
MPRegen  0.12/turn              (no ring)

@: no status effects
A: no striking features
a: no special abilities


You were on level 2 of the Dungeon.
You were not hungry.

You visited 1 branch of the dungeon, and saw 2 of its levels.

You collected 23 gold pieces.

Inventory:

Hand Weapons
 e - a cursed +0 dagger (weapon)
Missiles
 m - 18 arrows
Armour
 a - a +0 robe (worn)
 h - a +0 ring mail
 l - a +0 large shield
Scrolls
 k - a scroll of teleportation {unknown}
Potions
 d - 3 potions of heal wounds
 f - 2 potions of curing {unknown}
 i - a potion of flight {unknown}
 j - a potion of invisibility {unknown}
Books
 b - a Young Poisoner's Handbook

   Spells                             Type                      Level
   a - Sting                          Conjuration/Poison           1
   b - Poisonous Vapours              Poison/Air                   2
   c - Mephitic Cloud                 Conjuration/Poison/Air       3
   d - Olgreb's Toxic Radiance        Poison                       4
   e - Venom Bolt                     Conjuration/Poison           5
Comestibles
 c - 3 rations
 g - 2 chunks of flesh


   Skills:
 + Level 2.6 Dodging
 - Level 2.4 Stealth
 + Level 3.6 Spellcasting
 * Level 1.6 Conjurations
 + Level 4.2 Poison Magic


You had 3 spell levels left.
You knew the following spells:

 Your Spells              Type           Power        Failure   Level  Hunger
a - Sting                 Conj/Pois      ###.         4%          1    None
b - Poisonous Vapours     Pois/Air       ##....       9%          2    ##.....
c - Mephitic Cloud        Conj/Pois/Air  ##......     19%         3    ###....


Dungeon Overview and Level Annotations

Branches:
Dungeon (2/15)

Altars:
Hepliaklqana
Makhleb
Trog

Annotations:
D:2 Ijyb


Message History

Casting: Poisonous Vapours
Confirm with . or Enter, or press ? or * to list all spells.
Okay, then.
Unknown command.
Casting: Poisonous Vapours
Confirm with . or Enter, or press ? or * to list all spells.
You can't see any susceptible monsters within range! (Use Z to cast anyway.) Unknown command.
Unknown command.
Casting: Poisonous Vapours
Confirm with . or Enter, or press ? or * to list all spells.
Aiming: Mephitic Cloud
Press: ? - help, Shift-Dir - straight line, f/p - Ijyb
Aim: Ijyb, wielding a club and wearing a glowing chain mail (lightly wounded)
The ball explodes into a vile cloud!
The stinking cloud engulfs Ijyb.
Ijyb appears unharmed.
Ijyb is lightly wounded.
Ijyb zaps a wand.
The bolt of acid hits you!
Ouch! That really hurt!
You die...

≈.......................(.......#
≈...........................#.#.#
#..................##.........#.#
#...........#####......#....#.#.#
............# #..(....##...#
............# #.......#
............# #.#######
............# #.# #@# #.# g #.#
.. #§# ... ####g# .g.. +..§§#
.)... ####g#8..... #?)......
##.......


You could see Ijyb and a goblin.

Vanquished Creatures
  A dart slug (D:1)
  3 leopard geckos
  An orc (D:2)
  A ball python (D:1)
  9 goblins
  5 hobgoblins (D:1)
  A quokka (D:2)
  4 bats
  2 frilled lizards (D:2)
  2 kobolds
  6 rats (D:1)
35 creatures vanquished.

Notes
Turn   | Place    | Note
-------+----------+-------------------------------------------
     0 | D:1      | OlSheep the Deep Elf Venom Mage began the quest for the Orb.
     0 | D:1      | Reached XP level 1. HP: 10/10 MP: 6/6
   157 | D:1      | Reached XP level 2. HP: 13/15 MP: 0/8
   759 | D:1      | Reached skill level 4 in Poison Magic
   968 | D:2      | Found a bloodstained altar of Trog.
   973 | D:2      | Reached XP level 3. HP: 19/19 MP: 3/9
  1051 | D:2      | Learned a level 2 spell: Poisonous Vapours
  1055 | D:2      | Learned a level 3 spell: Mephitic Cloud
  1209 | D:2      | Found a hazy altar of Hepliaklqana.
  1230 | D:2      | Found a burning altar of Makhleb.
  1370 | D:2      | Noticed Ijyb
  1375 | D:2      | Killed from afar by Ijyb

Skill      XL: |  1  2 |
---------------+-------+-----
Poison Magic   | 4 |  4.2
Dodging        | |  2.6
Stealth        | |  2.4
Spellcasting   | |  3.6
Conjurations   | |  1.6

Action                   || total
-------------------------++-------
Melee: Dagger            ||     6
 Cast: Sting             ||    68
       Poisonous Vapours ||    10
       Mephitic Cloud    ||     1
  Use: Scroll            ||     1
  Eat: Chunk             ||     2
Armor: Robe              ||     1
Dodge: Dodged            ||    10
